 Dungeon Crawl Stone Soup version 0.27-a0-223-ge082b6e869 (webtiles) character file.

Game seed: 7210641773552235981

390 iamserjio the Chopper (level 6, -12/58 HPs)
             Began as a Naga Fighter on Feb 1, 2021.
             Killed by an exploding a black bear (37 damage)
             ... exploding inner flame
             ... on level 6 of the Dungeon.
             The game lasted 00:05:14 (812 turns).

iamserjio the Chopper (Naga Fighter)                 Turns: 812, Time: 00:05:15

Health: -12/58     AC:  5    Str: 18    XL:     6   Next: 80%
Magic:  6/6        EV:  5    Int: 11    God:
Gold:   92         SH:  9    Dex: 10    Spells: 5/5 levels left

rFire    . . .     SeeInvis +   a - +0 war axe
rCold    . . .     Faith    .   c - +0 kite shield
rNeg     . . .     Spirit   .   b - +0 scale mail
rPois    +         Reflect  .   (no helmet)
rElec    .         Harm     .   (no cloak)
rCorr    .         Rampage  .   (no gloves)
Will     .....                  (no barding)
Stlth    ..........             (no amulet)
HPRegen  0.19/turn              (no ring)
MPRegen  0.10/turn              (no ring)

@: brilliant, very slow
A: large, see invisible, deformed body, poison resistance, slowness 2, spit
poison 1, AC +2
a: Spit Poison


You were on level 6 of the Dungeon.
You visited 1 branch of the dungeon, and saw 6 of its levels.

You collected 92 gold pieces.

Inventory:

Hand Weapons
 a - a +0 war axe (weapon)
Armour
 b - a +0 scale mail (worn)
 c - a +0 kite shield (worn)
 i - a +0 chain mail
Scrolls
 e - 2 scrolls of remove curse {@r2}
 f - 2 scrolls of identify {@r1}
 h - a scroll of teleportation {unknown}


   Skills:
 + Level 4.4 Fighting
 * Level 5.1 Axes
 - Level 2.4 Armour
 + Level 3.6 Shields


You had 5 spell levels left.
You didn't know any spells.
Your spell library was empty.

Dungeon Overview and Level Annotations

Branches:
Dungeon (6/15)
 Temple: D:4-7

Altars:
Nemelex Xobeh
Vehumet


Innate Abilities, Weirdness & Mutations

You cannot wear boots.
Your serpentine skin is tough. (AC +2)
You have supernaturally acute eyesight. (SInv)
Armour fits poorly on your strangely shaped body.
Your system is resistant to poisons. (rPois)
You cover ground very slowly.
You can spit poison.


Message History

The black bear claws you but does no damage.
You block the black bear's attack.
Really read the scroll of immolation?
As you read the scroll of immolation, it crumbles to dust.
The creatures around you are filled with an inner flame!
The black bear bites you but does no damage.
The black bear claws you but does no damage.
You block the black bear's attack.
The gnoll sergeant hits you from afar with a +4 vampiric trident!
You hit the black bear.
Flame seeps out of the black bear.
You have got your breath back.
The black bear is engulfed in blazing flames.
Flame seeps out of the black bear.
The black bear goes berserk!
You block the gnoll sergeant's attack.
The black bear is engulfed in blazing flames.
The black bear explodes!
The fiery explosion engulfs the gnoll sergeant!!
Flame seeps out of the gnoll sergeant.
The fiery explosion engulfs you!!!
Ouch! That really hurt!
You die...

# .##. ... #.. ..# #.#
##.# #.#.##.#
.###.####.#.##.#
....gg○@...(##.#######
####g####.####.......#
###..###.##.##.#
#..............#
#..###....###..#
#.#...#..#...#.#
...#.⌠.#..#.⌠.#.#
.#..#...#≈≈#...#.# #
...≈###≈≈≈≈###≈.#


You could see a gnoll sergeant (inner flame) and 2 gnolls.

Vanquished Creatures
  Sigmund (D:2)
  A black bear (D:6)
  A scorpion (D:6)
  An orc priest (D:4)
  An orc wizard (D:4)
  A worker ant (D:5)
  A hound skeleton (D:4)
  5 adders
  2 gnolls (D:6)
  An ufetubus (D:3)
  An adder skeleton (D:4)
  A worm (D:3)
  A leopard gecko (D:1)
  3 orcs
  3 bats
  A giant cockroach (D:3)
  3 goblins
  2 hobgoblins (D:3)
  2 jackals (D:3)
  A quokka (D:2)
  A ball python (D:3)
  A frilled lizard (D:4)
  3 kobolds
  A leopard gecko skeleton (D:4)
  A rat (D:3)
40 creatures vanquished.

Notes
Turn   | Place    | Note
-------+----------+-------------------------------------------
     0 | D:1      | iamserjio the Naga Fighter began the quest for the Orb.
     0 | D:1      | Reached XP level 1. HP: 21/21 MP: 1/1
    46 | D:2      | Noticed Sigmund
    62 | D:2      | Killed Sigmund
    63 | D:2      | Reached skill level 4 in Axes
    63 | D:2      | Reached XP level 2. HP: 13/30 MP: 2/2
    63 | D:2      | Reached XP level 3. HP: 15/36 MP: 3/3
    63 | D:2      | Reached XP level 4. HP: 19/44 MP: 4/4
    63 | D:2      | Reached XP level 5. HP: 21/50 MP: 5/5
   456 | D:3      | Reached XP level 6. HP: 38/57 MP: 6/6
   562 | D:4      | Found a sparkling altar of Nemelex Xobeh.
   563 | D:4      | Found a radiant altar of Vehumet.
   670 | D:5      | Entered Level 5 of the Dungeon
   791 | D:6      | Reached skill level 5 in Axes
   799 | D:6      | Noticed a black bear
   812 | D:6      | Killed a black bear
   812 | D:6      | Killed by an exploding a black bear... exploding inner
                  | flame

Illustrated notes

Levels and vault maps discovered:
D:1:      dpeg_arrival_shrine, layout_basic, hex_large,
          chequers_serial_rivers_micro_e, minivault_24,
          chequers_serial_rivers_small_a, st_stairs_10
D:2:      minmay_alternating_diamond, layout_basic, minivault_23, uniq_sigmund
D:3:      minmay_spotlight, layout_loops_ring, cheibriados_altar_1,
          nicolae_qazlal_eye_of_the_storm, serial_glass, glass_columns_c,
          glass_columns_a
D:4:      layout_layer_cave, nicolae_overflow_hidden_temple, marbit_many_paths,
          gammafunk_temple_overflow_statue, glass_columns_c, minmay_crossroads,
          uniq_ijyb
D:5:      lemuel_insect_pit, layout_loops_ring, general_overflow_altar,
          dk_noncrumbling_3, kennysheep_small_circle, uniq_prince_ribbit1
D:6:      layout_loops_corners, grunt_ministairs_8, fountainhead,
          nemelex_diamond_rough_becter

Skill      XL: |  1  2  3  4  5  6 |
---------------+-------------------+-----
Axes           | 4 5 |  5.1
Shields        | 3 |  3.6
Fighting       | 4 |  4.4
Armour         | |  2.4

Action                   |  1- 3 |  4- 6 || total
-------------------------+-------+-------++-------
Melee: War axe           |     4 |   125 ||   129
 Abil: Spit Poison       |     1 |    16 ||    17
  Use: Potion            |     1 |     3 ||     4
       Scroll            |       |     3 ||     3
Armor: Scale mail        |     1 |    99 ||   100
Dodge: Dodged            |     3 |    33 ||    36
Block: Kite shield       |     2 |   100 ||   102

Table legend: (Time is in decaauts)
 A = Elapsed time spent in this place.
 B = Non-inter-level travel time spent in this place.
 C = Inter-level travel time spent in this place.
 D = Time resting spent in this place.
 E = Time spent auto-exploring this place.
 F = Levels seen in this place.
 G = Mean time per level.
                   A        B        C        D        E       F      G
               +--------+--------+--------+--------+--------+-----+--------+
         Total |   1106 |   1106 |      0 |      0 |      0 |   6 |  184.3 |
       Dungeon |   1106 |   1106 |      0 |      0 |      0 |   6 |  184.3 |
               +--------+--------+--------+--------+--------+-----+--------+

Top non-repeatable levels by time:
     D:3: 439 daAuts
     D:2: 211 daAuts
     D:4: 175 daAuts
     D:6: 105 daAuts
     D:5: 88 daAuts
     D:1: 85 daAuts
